TOP OF THE 1ST |
Connecticut Tigers batting - Pitching for Spokane Indians : RHP Malibok Fflunker
|
Pitching: RHP Malibok Fflunker
|
|
Batting: RHB Janne Vihko
|
0-0: Ground out 6-3 (Groundball, 6M, EV 101.9 MPH)
|
Batting: RHB Khalil Coleman
|
0-0: Called Strike 0-1: Ball 1-1: Swinging Strike 1-2: Ball 2-2: Foul Ball, location: 2F 2-2: Strikes out swinging
|
Batting: RHB Jaden Warrior
|
0-0: Ball 1-0: Called Strike 1-1: Ball 2-1: SINGLE (Groundball, 4MD, EV 97.5 MPH)
|
Batting: RHB Juan Acero
|
0-0: Ball 1-0: Foul Ball, location: 2F 1-1: Swinging Strike 1-2: Ball 2-2: SINGLE (Line Drive, 7S, EV 98.8 MPH) Jaden Warrior to second Runner from 2nd tries for 3rd, SAFE, throw by LF made to third
|
Batting: RHB Jeremiah Washington
|
0-0: Called Strike 0-1: Swinging Strike 0-2: Foul Ball, location: 2F 0-2: Ball 1-2: Strikes out swinging
|
Top of the 1st over - 0 runs, 2 hits, 0 errors, 2 left on base; Connecticut 0 - Spokane 0 |
BOTTOM OF THE 1ST |
Spokane Indians batting - Pitching for Connecticut Tigers : RHP Adam Oyler
|
Pitching: RHP Adam Oyler
|
|
Batting: RHB Danny Odom
|
0-0: Called Strike 0-1: Ball 1-1: Foul Ball, location: 2F 1-2: Ball 2-2: Ball 3-2: Base on Balls
|
Batting: RHB Josh Whitmore
|
0-0: Foul Ball, location: 2F 0-1: Ball Wild Pitch! Danny Odom to second 1-1: Ball 2-1: Ball 3-1: Base on Balls
|
Batting: LHB Nick Foutz
|
0-0: Swinging Strike 0-1: Ball 1-1: Ball 2-1: Ball 3-1: Base on Balls Danny Odom to third Josh Whitmore to second
|
Batting: RHB Vinny Luna
|
0-0: Called Strike 0-1: Swinging Strike 0-2: Grounds into double play, 6-4-3 (Groundball, 56, EV 104.4 MPH) Danny Odom scores Josh Whitmore to third
|
Batting: RHB Aaron Graham
|
0-0: Ball 1-0: Ball 2-0: Foul Ball, location: 2F 2-1: Foul Ball, location: 2F 2-2: Strikes out looking
|
Bottom of the 1st over - 1 run, 0 hits, 0 errors, 1 left on base; Connecticut 0 - Spokane 1 |
TOP OF THE 2ND |
Connecticut Tigers batting - Pitching for Spokane Indians : RHP Malibok Fflunker
|
Batting: RHB Tony Nunez
|
0-0: Foul Ball, location: 2F 0-1: Foul Ball, location: 2F 0-2: Ball 1-2: Ball 2-2: Fly out, F3 (Popup, 3S, EV 82.5 MPH)
|
Batting: SHB Ian Arlotta
|
0-0: Called Strike 0-1: Ball 1-1: Called Strike 1-2: Ball 2-2: Ball 3-2: Ground out 1-3 (Groundball, 13S, EV 62.5 MPH)
|
Batting: RHB Kaleb Yerger
|
0-0: Ground out 4-3 (Groundball, 4M, EV 90.6 MPH)
|
Top of the 2nd over - 0 runs, 0 hits, 0 errors, 0 left on base; Connecticut 0 - Spokane 1 |
BOTTOM OF THE 2ND |
Spokane Indians batting - Pitching for Connecticut Tigers : RHP Adam Oyler
|
Batting: RHB Rick Concha
|
0-0: Swinging Strike 0-1: Ball 1-1: Fly out, F7 (Line Drive, 7, EV 104.4 MPH)
|
Batting: RHB Edwin Soto
|
0-0: Ball 1-0: Called Strike 1-1: Foul Ball, location: 2F 1-2: Foul Ball, location: 2F 1-2: Ground out 6-3 (Groundball, 6, EV 78.1 MPH)
|
Batting: LHB Walter Vegter
|
0-0: SINGLE (Groundball, 34D, EV 110.6 MPH)
|
Batting: RHB Alex Vazquez
|
0-0: Ball Walter Vegter steals 2nd base 1-0: Ground out 6-3 (Groundball, 56, EV 91.2 MPH)
|
Bottom of the 2nd over - 0 runs, 1 hit, 0 errors, 1 left on base; Connecticut 0 - Spokane 1 |
TOP OF THE 3RD |
Connecticut Tigers batting - Pitching for Spokane Indians : RHP Malibok Fflunker
|
Batting: RHB Yankel Pensak
|
0-0: Ball 1-0: Foul Ball, location: 2F 1-1: Ball 2-1: Ball 3-1: Foul Ball, location: 2F 3-2: Foul Ball, location: 2F 3-2: Base on Balls
|
Batting: RHB Janne Vihko
|
0-0: SINGLE (Groundball, 56, EV 87.5 MPH) (infield hit) Yankel Pensak to second
|
Batting: RHB Khalil Coleman
|
0-0: Called Strike 0-1: Ball 1-1: Swinging Strike 1-2: Foul Ball, location: 2F 1-2: SINGLE (Groundball, 56D, EV 96.2 MPH) Yankel Pensak to third Janne Vihko to second Runner from 3rd tries for Home, SAFE, throw by LF to home
|
Batting: RHB Jaden Warrior
|
0-0: Foul Ball, location: 2F 0-1: Fly out, F8 (Line Drive, 89M, EV 89.4 MPH)
|
Batting: RHB Juan Acero
|
0-0: Ball 1-0: SINGLE (Line Drive, 7S, EV 94.4 MPH) Janne Vihko to third Khalil Coleman to second Runner from 3rd tries for Home, throw by LF and OUT! 7-2
|
Batting: RHB Jeremiah Washington
|
0-0: Called Strike 0-1: Called Strike 0-2: Ball 1-2: Fly out, F7 (Flyball, 78D, EV 97.5 MPH)
|
Top of the 3rd over - 1 run, 3 hits, 0 errors, 2 left on base; Connecticut 1 - Spokane 1 |
BOTTOM OF THE 3RD |
Spokane Indians batting - Pitching for Connecticut Tigers : RHP Adam Oyler
|
Batting: RHB Danny Odom
|
0-0: Ground out 5-3 (Groundball, 56, EV 106.9 MPH)
|
Batting: RHB Josh Whitmore
|
0-0: Called Strike 0-1: SINGLE (Groundball, 56, EV 83.8 MPH) (infield hit)
|
Batting: LHB Nick Foutz
|
0-0: Called Strike 0-1: Ball 1-1: Called Strike 1-2: Ball 2-2: DOUBLE (Groundball, 3L, EV 96.9 MPH) Josh Whitmore to third Runner from 3rd tries for Home, SAFE, throw by RF to home
|
Batting: RHB Vinny Luna
|
0-0: Foul Ball, location: 2F 0-1: SINGLE (Line Drive, 34D, EV 96.9 MPH) Nick Foutz to third Runner from 3rd tries for Home, SAFE, throw by RF to home
|
Batting: RHB Aaron Graham
|
0-0: Foul Ball, location: 2F 0-1: SINGLE (Groundball, 6MD, EV 95.6 MPH) Vinny Luna to second
|
Batting: RHB Rick Concha
|
0-0: SINGLE (Groundball, 56, EV 101.2 MPH) Vinny Luna to third Aaron Graham to second Runner from 3rd tries for Home, SAFE, throw by LF to home
|
Batting: RHB Edwin Soto
|
0-0: Ball 1-0: Fly out, F9 (Flyball, 9, EV 84.4 MPH)
|
Batting: LHB Walter Vegter
|
0-0: TRIPLE (Line Drive, 8LXD, EV 99.4 MPH) Aaron Graham scores Rick Concha scores
|
Pitching: RHP Andy Strange
|
|
Batting: RHB Alex Vazquez
|
0-0: Ball 1-0: Ball 2-0: Ground out 5-3 (Groundball, 5, EV 84.4 MPH)
|
Bottom of the 3rd over - 5 runs, 6 hits, 0 errors, 1 left on base; Connecticut 1 - Spokane 6 |
TOP OF THE 4TH |
Connecticut Tigers batting - Pitching for Spokane Indians : RHP Malibok Fflunker
|
Batting: RHB Tony Nunez
|
0-0: Ball 1-0: Swinging Strike 1-1: Ball 2-1: Ground out 2-3 (Groundball, 13S, EV 66.2 MPH)
|
Batting: SHB Ian Arlotta
|
0-0: Ball 1-0: SINGLE (Popup, 6S, EV 81.2 MPH)
|
Batting: RHB Kaleb Yerger
|
0-0: Ball 1-0: Called Strike 1-1: Called Strike 1-2: Ball 2-2: Ball 3-2: Foul Ball, location: 2F 3-2: 2-RUN HOME RUN (Flyball, 89XD, EV 103.8 MPH), Distance : 400 ft
|
Batting: RHB Yankel Pensak
|
0-0: Foul Ball, location: 2F 0-1: Foul Ball, location: 2F 0-2: Ball 1-2: Ball 2-2: Strikes out swinging
|
Batting: RHB Janne Vihko
|
0-0: Ball 1-0: Foul Ball, location: 2F 1-1: Ground out 5-3 (Groundball, 56, EV 86.2 MPH)
|
Top of the 4th over - 2 runs, 2 hits, 0 errors, 0 left on base; Connecticut 3 - Spokane 6 |
BOTTOM OF THE 4TH |
Spokane Indians batting - Pitching for Connecticut Tigers : RHP Andy Strange
|
Batting: RHB Danny Odom
|
0-0: Called Strike 0-1: Swinging Strike 0-2: Ball 1-2: Foul Ball, location: 2F 1-2: Ball 2-2: DOUBLE (Groundball, 5L, EV 103.1 MPH)
|
Batting: RHB Josh Whitmore
|
0-0: Ball 1-0: Called Strike 1-1: Fly out, F7 (Flyball, 78M, EV 96.2 MPH)
|
Batting: LHB Nick Foutz
|
0-0: Foul Ball, location: 2F 0-1: Foul Ball, location: 2F 0-2: Ball 1-2: Strikes out swinging
|
Batting: RHB Vinny Luna
|
0-0: Ball 1-0: Ball 2-0: Ball 3-0: Base on Balls
|
Batting: RHB Aaron Graham
|
0-0: Ball 1-0: Foul Ball, location: 2F 1-1: 3-RUN HOME RUN (Flyball, 9D, EV 101.2 MPH), Distance : 375 ft
|
Pitching: RHP Ramiro Silva
|
|
Batting: RHB Rick Concha
|
0-0: Called Strike 0-1: Ball 1-1: Ball 2-1: DOUBLE (Line Drive, 9LM, EV 110.6 MPH)
|
Batting: RHB Edwin Soto
|
0-0: Called Strike 0-1: Called Strike 0-2: Ball 1-2: Ball Wild Pitch! Rick Concha to third 2-2: Foul Ball, location: 2F 2-2: Foul Ball, location: 2F 2-2: Ground out 6-3 (Groundball, 6S, EV 64.4 MPH)
|
Bottom of the 4th over - 3 runs, 3 hits, 0 errors, 1 left on base; Connecticut 3 - Spokane 9 |
TOP OF THE 5TH |
Connecticut Tigers batting - Pitching for Spokane Indians : RHP Malibok Fflunker
|
Batting: RHB Khalil Coleman
|
0-0: Swinging Strike 0-1: Called Strike 0-2: SINGLE (Groundball, 4MD, EV 98.1 MPH)
|
Batting: RHB Jaden Warrior
|
0-0: Swinging Strike 0-1: Foul Ball, location: 2F 0-2: Ball 1-2: Ball 2-2: Foul Ball, location: 2F 2-2: Strikes out swinging
|
Batting: RHB Juan Acero
|
0-0: Ball 1-0: Fly out, F7 (Flyball, 7, EV 84.4 MPH)
|
Batting: RHB Jeremiah Washington
|
0-0: Ball 1-0: Swinging Strike 1-1: Foul Ball, location: 2F 1-2: Foul Ball, location: 2F 1-2: Ball 2-2: Strikes out swinging
|
Top of the 5th over - 0 runs, 1 hit, 0 errors, 1 left on base; Connecticut 3 - Spokane 9 |
BOTTOM OF THE 5TH |
Spokane Indians batting - Pitching for Connecticut Tigers : RHP Ramiro Silva
|
Batting: LHB Walter Vegter
|
0-0: Swinging Strike 0-1: Foul Ball, location: 2F 0-2: Ball 1-2: Strikes out looking
|
Batting: RHB Alex Vazquez
|
0-0: Called Strike 0-1: Ball 1-1: SINGLE (Flyball, 9S, EV 94.4 MPH)
|
Batting: RHB Danny Odom
|
0-0: Ball 1-0: Ball Alex Vazquez is caught stealing 2nd base 2-4 2-0: Called Strike 2-1: TRIPLE (Flyball, 89XD, EV 100.0 MPH)
|
Batting: RHB Josh Whitmore
|
0-0: Called Strike 0-1: Ball 1-1: Ball 2-1: Called Strike 2-2: Ball 3-2: Foul Ball, location: 2F 3-2: Ground out 4-3 (Groundball, 34, EV 105.6 MPH)
|
Bottom of the 5th over - 0 runs, 2 hits, 0 errors, 1 left on base; Connecticut 3 - Spokane 9 |
TOP OF THE 6TH |
Connecticut Tigers batting - Pitching for Spokane Indians : RHP Malibok Fflunker
|
Batting: RHB Tony Nunez
|
0-0: Called Strike 0-1: Fly out, F5 (Line Drive, 5, EV 65.0 MPH)
|
Batting: SHB Ian Arlotta
|
0-0: Ball 1-0: Ground out 1-3 (Groundball, P, EV 61.9 MPH)
|
Batting: RHB Kaleb Yerger
|
0-0: Foul Ball, location: 2F 0-1: Swinging Strike 0-2: Ball 1-2: Strikes out swinging
|
Top of the 6th over - 0 runs, 0 hits, 0 errors, 0 left on base; Connecticut 3 - Spokane 9 |
BOTTOM OF THE 6TH |
Spokane Indians batting - Pitching for Connecticut Tigers : RHP Ramiro Silva
|
Batting: LHB Nick Foutz
|
0-0: Called Strike 0-1: Ball 1-1: Foul Ball, location: 2F 1-2: Ball 2-2: Ball 3-2: Strikes out swinging
|
Batting: RHB Vinny Luna
|
0-0: Swinging Strike 0-1: Swinging Strike 0-2: Strikes out swinging
|
Batting: RHB Aaron Graham
|
0-0: Called Strike 0-1: Ball 1-1: Ball 2-1: Ball 3-1: Foul Ball, location: 2F 3-2: Ground out 4-3 (Groundball, 6M, EV 85.0 MPH)
|
Bottom of the 6th over - 0 runs, 0 hits, 0 errors, 0 left on base; Connecticut 3 - Spokane 9 |
TOP OF THE 7TH |
Connecticut Tigers batting - Pitching for Spokane Indians : RHP Malibok Fflunker
|
Pitching: RHP Chris Lincecum II
|
|
Now at 1B: Jason Swisher
|
|
Batting: RHB Yankel Pensak
|
0-0: Ball 1-0: Ball 2-0: Ball 3-0: Called Strike 3-1: Base on Balls
|
Batting: RHB Janne Vihko
|
0-0: Ball 1-0: Called Strike 1-1: Grounds into double play, 5-4-3 (Groundball, 56, EV 83.1 MPH)
|
Batting: RHB Khalil Coleman
|
0-0: Called Strike 0-1: Foul Ball, location: 2F 0-2: Foul Ball, location: 2F 0-2: Ball 1-2: Ball 2-2: Ball 3-2: Ground out U3 (Groundball, 3, EV 78.1 MPH)
|
Top of the 7th over - 0 runs, 0 hits, 0 errors, 0 left on base; Connecticut 3 - Spokane 9 |
BOTTOM OF THE 7TH |
Spokane Indians batting - Pitching for Connecticut Tigers : RHP Ramiro Silva
|
Batting: RHB Rick Concha
|
0-0: Called Strike 0-1: Foul Ball, location: 2F 0-2: Ball 1-2: Ground out U3 (Groundball, 34, EV 88.1 MPH)
|
Batting: RHB Edwin Soto
|
0-0: Ball 1-0: SINGLE (Groundball, 6MD, EV 103.8 MPH)
|
Batting: LHB Walter Vegter
|
0-0: Called Strike 0-1: Foul Ball, location: 2F 0-2: Strikes out looking
|
Batting: RHB Alex Vazquez
|
0-0: Called Strike Edwin Soto steals 2nd base (no throw) 0-1: Ball 1-1: Ball 2-1: SINGLE (Groundball, 56S, EV 68.1 MPH) (infield hit) Edwin Soto to third
|
Batting: RHB Danny Odom
|
0-0: Ball 1-0: Ball Alex Vazquez steals 2nd base (no throw) 2-0: Ball 3-0: Called Strike 3-1: Base on Balls
|
Batting: RHB Jason Swisher
|
0-0: Called Strike 0-1: Ball 1-1: Called Strike 1-2: Ball 2-2: GRAND SLAM HOME RUN (Line Drive, 8RXD, EV 109.4 MPH), Distance : 452 ft
|
Pitching: RHP Juan Murillo
|
|
Pinch Hitting: RHB Jorge Bernal
|
0-0: Ball 1-0: Fly out, F7 (Flyball, 78M, EV 82.5 MPH)
|
Bottom of the 7th over - 4 runs, 3 hits, 0 errors, 0 left on base; Connecticut 3 - Spokane 13 |
TOP OF THE 8TH |
Connecticut Tigers batting - Pitching for Spokane Indians : RHP Chris Lincecum II
|
Now in LF: Jorge Bernal
|
|
Pinch Hitting: SHB Ryohei Nakano
|
0-0: Called Strike 0-1: Ball 1-1: Called Strike 1-2: Fly out, F8 (Line Drive, 8RD, EV 110.0 MPH)
|
Batting: RHB Juan Acero
|
0-0: Ground out 4-3 (Groundball, 4MS, EV 70.6 MPH)
|
Batting: RHB Jeremiah Washington
|
0-0: Ball 1-0: Ball 2-0: Foul Ball, location: 2F 2-1: Foul Ball, location: 2F 2-2: Foul Ball, location: 2F 2-2: Ball 3-2: Ground out 6-3 (Groundball, 6, EV 85.0 MPH)
|
Top of the 8th over - 0 runs, 0 hits, 0 errors, 0 left on base; Connecticut 3 - Spokane 13 |
BOTTOM OF THE 8TH |
Spokane Indians batting - Pitching for Connecticut Tigers : RHP Juan Murillo
|
Now at 1B: Eisse Wijnja
|
|
Pinch Hitting: RHB Justin Anastasio
|
0-0: SINGLE (Groundball, 34D, EV 102.5 MPH)
|
Pinch Hitting: RHB Jerry Castillo
|
0-0: Ball 1-0: Foul Ball, location: 2F 1-1: Ball Balk! Justin Anastasio to second 2-1: Foul Ball, location: 2F 2-2: Ball 3-2: SINGLE (Groundball, 34D, EV 98.1 MPH) Justin Anastasio to third Runner from 3rd tries for Home, SAFE, throw by RF to home
|
Pinch Hitting: RHB Sal Cervantes
|
0-0: Grounds into double play, 6-4-3 (Groundball, 6, EV 85.0 MPH)
|
Batting: RHB Edwin Soto
|
0-0: Ball 1-0: Fly out, F8 (Flyball, 8RD, EV 101.2 MPH)
|
Bottom of the 8th over - 1 run, 2 hits, 0 errors, 0 left on base; Connecticut 3 - Spokane 14 |
TOP OF THE 9TH |
Connecticut Tigers batting - Pitching for Spokane Indians : RHP Chris Lincecum II
|
Now at 2B: Jerry Castillo
|
|
Now at 3B: Sal Cervantes
|
|
Now in LF: Justin Anastasio
|
|
Now in RF: Jorge Bernal
|
|
Batting: RHB Tony Nunez
|
0-0: Called Strike 0-1: Foul Ball, location: 2F 0-2: SINGLE (Groundball, 34D, EV 101.2 MPH)
|
Batting: SHB Ian Arlotta
|
0-0: Swinging Strike 0-1: Foul Ball, location: 2F 0-2: Ball 1-2: Strikes out looking
|
Pinch Hitting: RHB Juan Perez
|
0-0: Called Strike 0-1: Swinging Strike 0-2: Grounds into double play, 4-6-3 (Groundball, 4M, EV 80.0 MPH)
|
Top of the 9th over - 0 runs, 1 hit, 0 errors, 0 left on base; Connecticut 3 - Spokane 14 |
|